[Event "IIFL Wealth  4th Mumbai Junior U-13"]
[Site "Mumbai"]
[Date "2019.01.02"]
[Round "4"]
[White "Pranav Vijay"]
[Black "Jain Kashish Manoj"]
[Result "0-1"]
[ECO "B07"]
[WhiteElo "2265"]
[BlackElo "1853"]
[Annotator "ChessBase"]
[PlyCount "106"]
[EventDate "2018.12.30"]
[EventType "swiss"]
[EventCountry "IND"]
[SourceTitle "playchess.com"]
[Source "ChessBase"]
[SourceQuality "1"]
[TimeControl "40/5400+30:1800+30"]

1. e4 d6 2. d4 Nf6 3. Nc3 g6 4. Be3 c6 5. Nf3 Bg7 6. Qd2 b5 7. a3 Nbd7 8. h3 O-O 9. g4 Bb7 10. g5 Nh5 11. Be2 e5 12. dxe5 dxe5 13. Nh2 Nf4 14. Bxf4 exf4 15. Qxf4 Qe7 16. Rd1 Nc5 17. Qe3 Rae8 18. f3 f5 19. gxf6 Bxf6 20. O-O Bg5 21. Qf2 Bc8 22. Kh1 Bxh3 23. Rg1 Nxe4 24. Nxe4 Qxe4 25. Bd3 Qh4 26. Qg3 Bf6 27. Be4 Rxe4 28. fxe4 Qxe4+ 29. Qf3 Qxf3+ 30. Nxf3 Bxb2 31. Nd4 Bxd4 32. Rxd4 Be6 33. Rd6 Bd5+ 34. Kh2 Rf2+ 35. Kg3 Rxc2 36. Rf1 Rg2+ 37. Kf4 Kf7 38. Rd7+ Ke6 39. Rxh7 a5 40. Rb7 g5+ 41. Ke3 Rg3+ 42. Kd4 c5+ 43. Kxc5 Bxb7 44. Kxb5 Rxa3 45. Rg1 Kf5 46. Rf1+ Rf3 47. Rg1 g4 48. Kxa5 g3 49. Kb4 g2 50. Kc4 Rf1 51. Kd3 Rxg1 52. Ke3 Re1+ 53. Kf2 g1=Q# 0-1

[Event "IIFL Wealth  4th Mumbai Junior U-13"]
[Site "Mumbai"]
[Date "2019.01.02"]
[Round "4"]
[White "Pranesh M"]
[Black "Bhagyashree Patil"]
[Result "0-1"]
[ECO "C56"]
[WhiteElo "2125"]
[BlackElo "1758"]
[Annotator "NA"]
[PlyCount "116"]
[EventDate "2018.12.30"]
[EventType "swiss"]
[EventCountry "IND"]
[SourceTitle "playchess.com"]
[Source "ChessBase"]
[SourceQuality "1"]
[TimeControl "40/5400+30:1800+30"]

1. e4 e5 2. Nf3 Nc6 3. d4 exd4 4. Bc4 Nf6 5. O-O Nxe4 6. Re1 d5 7. Bxd5 Qxd5 8. Nc3 Qa5 9. Nxe4 Be6 10. Bd2 Qd5 11. Bg5 Be7 12. Bxe7 {[%emt 0:00:25] C56: Two Knights: 4 d4 exd4 5 0-0 Nxe4} Nxe7 13. Nxd4 O-O-O 14. Nxe6 Qxe6 15. Qf3 Qf5 16. Qc3 Nd5 $146 ({Predecessor:} 16... Qf6 17. Nc5 Nd5 18. Qa3 Kb8 19. c4 Nf4 20. Qf3 Qb6 21. Nxb7 Rd4 22. Rad1 Rxd1 23. Rxd1 Ne6 24. Rd7 Qxb2 25. Na5 Qb4 26. Rd1 {1-0 (26) Daurelle,H (2189)-Lopez,A (2003) Saint Affrique 2014}) 17. Qxg7 Rhg8 18. Qh6 Rg6 19. Qh4 Rg4 20. Ng3 Qg6 21. Qxd8+ ({Avoid the trap} 21. Qh3 $2 Nf4 $19 {[%mdl 64] Trapped Piece}) 21... Kxd8 22. Rad1 c6 23. h3 Rf4 24. Ne2 Re4 25. f3 Re8 26. Rd2 Kc8 27. Kf2 Qg5 28. Rd3 Nf4 29. Nxf4 Rxe1 30. Kxe1 Qxf4 31. Kd1 Qh2 32. g4 Qxh3 33. Kd2 f5 34. gxf5 Qxf5 35. c3 $19 h5 36. Ke3 Qe5+ 37. Kf2 h4 38. f4 Qxf4+ 39. Rf3 Qd2+ 40. Kg1 Qxb2 41. Rh3 Qxa2 42. Rxh4 Qa1+ 43. Kg2 Qxc3 44. Rh3 Qxh3+ 45. Kxh3 a5 46. Kh4 a4 47. Kg5 a3 48. Kg6 a2 49. Kf7 a1=Q 50. Ke6 Qd1 51. Ke5 b5 52. Kf4 b4 53. Ke4 b3 54. Ke3 b2 55. Kf4 b1=Q 56. Ke3 Qa4 57. Kd2 Qbb3 58. Kc1 Qf4# 0-1

[Event "IIFL Wealth  4th Mumbai Junior U-13"]
[Site "Mumbai"]
[Date "2019.01.02"]
[Round "4"]
[White "Tyagi, Kushan"]
[Black "Jain Vihaan"]
[Result "0-1"]
[ECO "B32"]
[WhiteElo "2042"]
[BlackElo "1149"]
[Annotator "NA"]
[PlyCount "68"]
[EventDate "2018.12.30"]
[EventType "swiss"]
[EventCountry "IND"]
[SourceTitle "playchess.com"]
[Source "ChessBase"]
[SourceQuality "1"]
[TimeControl "40/5400+30:1800+30"]

1. e4 c5 2. Nf3 Nc6 3. d4 cxd4 4. Nxd4 e5 5. Nf5 d6 6. Bd3 Nf6 7. O-O Bxf5 8. exf5 Qd7 9. Nc3 Be7 10. Bg5 O-O 11. Bxf6 Bxf6 12. Qh5 Nb4 13. Bb5 Qe7 14. Qe2 Nc6 15. Nd5 Qd8 16. Qh5 Nd4 17. c3 Nxb5 18. Qg4 Nc7 19. Nxc7 Qxc7 20. f4 e4 21. Rfe1 d5 22. Rad1 Qb6+ 23. Kh1 Rad8 24. Rd2 Rfe8 25. Ree2 Bxc3 26. Rd1 Bf6 27. Rde1 e3 28. b3 d4 29. Qg3 d3 30. Rxe3 Rxe3 31. Rxe3 d2 32. Rd3 d1=Q+ 33. Rxd1 Rxd1+ 34. Qe1 Rxe1# 0-1

[Event "IIFL Wealth  4th Mumbai Junior U-13"]
[Site "Mumbai"]
[Date "2019.01.02"]
[Round "4"]
[White "Zia, Tahsin Tajwar"]
[Black "Abhyuday Santhosh"]
[Result "1-0"]
[ECO "D00"]
[WhiteElo "1925"]
[BlackElo "1409"]
[Annotator "NA"]
[PlyCount "97"]
[EventDate "2018.12.30"]
[EventType "swiss"]
[EventCountry "IND"]
[SourceTitle "playchess.com"]
[Source "ChessBase"]
[SourceQuality "1"]
[TimeControl "40/5400+30:1800+30"]

1. d4 d5 2. Bf4 Nf6 3. e3 c5 4. Nf3 Nc6 5. Nbd2 {[%emt 0:00:05] D02: 1 d4 d5 2 Nf3 sidelines, including 2...Nf6 3 g3 and 2...Nf6 3 Bf4} (5. c3 e6 6. Nbd2 cxd4 7. exd4 Nh5 8. Bg5 f6 9. Be3 Bd6 10. Bb5 O-O 11. O-O Ne7 12. Re1 Bd7 13. Bd3 g6 14. Bh6 Rf7 {½-½ (83) Caruana,F (2822)-Aronian,L (2767) chess.com INT 2018}) 5... cxd4 6. exd4 Bf5 7. c3 e6 8. Qb3 Qc8 9. a4 Be7 10. a5 a6 11. Be2 $146 ({Predecessor:} 11. Qd1 O-O 12. Be2 Qd8 13. Nb3 b6 14. axb6 Qxb6 {½-½ (34) Vydeslaver,A (2385)-Spalir,J (2204) Pardubice 2012}) 11... Bg6 12. h3 h6 13. O-O O-O 14. Rfc1 Qd8 15. Qxb7 Nxa5 16. Rxa5 Qxa5 17. Qxe7 Qb6 18. Qa3 Rfc8 19. Ra1 Ne4 20. Nxe4 Bxe4 21. Nd2 Bc2 22. Rc1 Bg6 23. Nb3 f6 24. Nc5 Be8 25. Ra1 Bb5 26. Bxb5 {[%emt 0:05:33] Pin} axb5 27. Qxa8 Rxa8 28. Rxa8+ Kh7 29. b4 Kg6 30. g4 h5 31. Ra6 Qd8 32. Rxe6 Qa8 33. Kg2 Qa1 34. Re3 hxg4 35. hxg4 Qd1 36. Rg3 Kf7 37. g5 fxg5 38. Rxg5 Qe2 39. Be5 g6 40. Rg3 Qc2 41. Rf3+ Ke7 42. Bg3 Qd1 43. Re3+ Kf7 44. Nd7 Qc2 45. Bh4 Kg7 46. Bf6+ Kh7 47. Ne5 Kg8 48. Rh3 Qe4+ 49. Kg3 1-0

[Event "IIFL Wealth  4th Mumbai Junior U-13"]
[Site "Mumbai"]
[Date "2019.01.02"]
[Round "4"]
[White "Savitha Shri B"]
[Black "Vivaan Vijay Saraogi"]
[Result "0-1"]
[ECO "A05"]
[WhiteElo "1894"]
[BlackElo "1290"]
[Annotator "NA"]
[PlyCount "84"]
[EventDate "2018.12.30"]
[EventType "swiss"]
[EventCountry "IND"]
[SourceTitle "playchess.com"]
[Source "ChessBase"]
[SourceQuality "1"]
[TimeControl "40/5400+30:1800+30"]

1. Nf3 Nf6 2. g3 d5 3. d4 e6 4. Bg2 Be7 5. O-O O-O 6. b3 b6 7. Bb2 Bb7 8. Ne5 {[%emt 0:00:07] D02: 1 d4 d5 2 Nf3 sidelines, including 2...Nf6 3 g3 and 2...Nf6 3 Bf4} (8. Nbd2 Nbd7 9. e3 c5 10. c4 Rc8 11. Rc1 dxc4 12. Nxc4 cxd4 13. Qxd4 Nc5 14. Rfd1 Qxd4 15. Nxd4 Bxg2 16. Kxg2 Nd5 17. Nb5 a6 18. Nc3 Nxc3 19. Bxc3 b5 20. Nb6 {1-0 (37) Moiseenko,V (2492)-Timofeev,A (2580) Sochi 2018}) 8... Nbd7 9. f4 c5 10. e3 Ne4 $146 ({Predecessor:} 10... Rc8 11. Nd2 Nxe5 12. fxe5 Ne4 13. Nxe4 dxe4 14. c4 Bg5 15. Qe2 Bh6 {0-1 (28) Guerra,E-Velazco,E Arequipa 2003}) 11. Nd2 Ndf6 12. Qe2 Nxd2 13. Qxd2 Rc8 14. Rad1 Ba6 15. Rfe1 Qc7 16. Rc1 Rfd8 17. Qf2 Bf8 18. g4 Ne4 19. Bxe4 dxe4 20. c4 f6 21. Qg2 fxe5 22. fxe5 Bb7 23. g5 g6 24. Rf1 Bg7 25. Rfd1 $2 (25. Qg4 Qc6 26. Rcd1) 25... Rf8 26. Qg4 Rce8 27. b4 Rf3 28. bxc5 bxc5 29. Ba3 cxd4 30. Bd6 Qa5 31. exd4 Qxa2 32. d5 Qe2 33. Qh4 exd5 34. cxd5 Bxe5 35. Bxe5 Rxe5 36. d6 Qe3+ 37. Kh1 Qxg5 38. Qxg5 Rxg5 39. Rb1 Bd5 40. Rb5 Rd3 41. Rc1 e3+ 42. Rxd5 Rgxd5 0-1

[Event "IIFL Wealth  4th Mumbai Junior U-13"]
[Site "Mumbai"]
[Date "2019.01.02"]
[Round "4"]
[White "Potawad Anirudhha"]
[Black "Renganayaki V"]
[Result "1/2-1/2"]
[ECO "B27"]
[WhiteElo "1849"]
[BlackElo "1376"]
[Annotator "NA RC"]
[PlyCount "84"]
[EventDate "2018.12.30"]
[EventType "swiss"]
[EventCountry "IND"]
[SourceTitle "playchess.com"]
[Source "ChessBase"]
[SourceQuality "1"]
[TimeControl "40/5400+30:1800+30"]

1. e4 c5 2. Nf3 g6 3. c3 Bg7 4. d4 cxd4 5. cxd4 d5 6. e5 Bg4 7. Bb5+ {[%emt 0:00:51] B27: Sicilian: 2 Nf3, unusual Black 2nd moves} Nd7 8. Nc3 (8. O-O e6 9. Nbd2 Ne7 10. h3 Bxf3 11. Nxf3 a6 12. Bd3 O-O 13. h4 f6 14. exf6 Bxf6 {1-0 (37) Andreikin,D (2736)-Savchenko,B (2613) Sochi 2016}) 8... e6 9. O-O Ne7 10. h3 $146 ({Predecessor:} 10. Bg5 O-O 11. Qa4 Bxf3 12. Bxd7 Bh5 13. Qa3 Qxd7 14. Qxe7 Qxe7 15. Bxe7 {0-1 (48) Burnett,R (2315)-Chow,A (2310) USA 1994}) 10... Bxf3 11. Qxf3 O-O 12. Bg5 h6 13. Be3 a6 14. Ba4 b5 15. Bb3 Nb6 16. a3 Rc8 17. Rfd1 Nc6 18. Qe2 Na5 19. Ba2 Nac4 20. Bxc4 Nxc4 21. Rac1 Qb6 22. Nb1 b4 23. a4 b3 24. Rc3 Qb4 25. Rdc1 $1 Qxa4 26. Nd2 Nb6 27. Nxb3 Rxc3 28. Rxc3 Nc4 29. Nc5 $11 Qa1+ 30. Rc1 Qxb2 31. Qxb2 Nxb2 32. Nxa6 Nc4 33. Rb1 Ra8 34. Rb8+ Rxb8 35. Nxb8 Kf8 36. Kf1 h5 37. Bg5 Ke8 38. Ke2 Bf8 39. Kd3 Be7 40. Bxe7 Kxe7 41. Kc3 Kd8 42. Nc6+ Kc7 1/2-1/2

[Event "IIFL Wealth  4th Mumbai Junior U-13"]
[Site "Mumbai"]
[Date "2019.01.02"]
[Round "4"]
[White "Larmet, Nino"]
[Black "Dawda Vihaan"]
[Result "1-0"]
[ECO "C90"]
[WhiteElo "1835"]
[BlackElo "1212"]
[Annotator "NA RC"]
[PlyCount "103"]
[EventDate "2018.12.30"]
[EventType "swiss"]
[EventCountry "IND"]
[SourceTitle "playchess.com"]
[Source "ChessBase"]
[SourceQuality "1"]
[TimeControl "40/5400+30:1800+30"]

1. e4 e5 2. Nf3 Nc6 3. Bb5 a6 4. Ba4 Nf6 5. d3 b5 6. Bb3 Be7 7. O-O O-O 8. Re1 d6 9. c3 Na5 10. Bc2 c5 11. Nbd2 Nc6 12. Nf1 Re8 13. d4 {[%emt 0:02:11] C90: Closed Ruy Lopez with 7...d6: Early deviations} (13. Ne3 Bf8 14. a4 b4 15. Nd5 h6 16. a5 Nxd5 17. exd5 Nxa5 18. Ba4 Re7 19. Nd2 Rb8 20. c4 Nb7 21. Ne4 f5 22. Ng3 {1-0 (43) Carlsen,M (2837)-Ding,L (2774) Saint Louis 2017}) 13... cxd4 14. cxd4 Bg4 15. Be3 exd4 16. Bxd4 Bxf3 17. gxf3 Rc8 ({Predecessor:} 17... Nxd4 18. Qxd4 Nh5 19. e5 dxe5 20. Qxe5 Nf6 {1-0 (41) Janowski,D-Liebenstein,H New York,NY 1913}) 18. Bb3 Bf8 19. Be3 g6 20. Bg5 Bg7 21. Ne3 Ne7 22. Qd2 Qb6 23. Red1 Red8 24. Rac1 Rxc1 25. Rxc1 Qa7 26. Rd1 Qd7 27. e5 Ne8 28. Bf4 Qh3 29. exd6 Qxf3 30. Bg3 Nf6 31. Qa5 Nc6 32. Qc7 Ne8 33. Bxf7+ Qxf7 34. Qxc6 Nf6 35. Qxa6 Ne4 36. Qxb5 Qf3 37. Qd5+ Kh8 38. d7 Bxb2 39. Be5+ Bxe5 40. Qxe5+ Kg8 41. Qe8+ Kg7 42. Qe7+ $2 Kh6 43. Qh4+ Kg7 44. Qe7+ Kh6 $18 45. Qh4+ Kg7 46. Rd4 $18 Nf6 47. Ng4 (47. a4) (47. Rf4 Qc6 $16) 47... Ne4 48. Qe7+ Kg8 49. Qxd8+ Kg7 50. Qe7+ Kg8 51. d8=Q+ Qf8 52. Qexf8# 1-0

[Event "IIFL Wealth  4th Mumbai Junior U-13"]
[Site "Mumbai"]
[Date "2019.01.02"]
[Round "4"]
[White "Krishnan Ritvik"]
[Black "Jadhav Jyotiraditya"]
[Result "1-0"]
[ECO "B40"]
[WhiteElo "1812"]
[BlackElo "1358"]
[Annotator "NA RC"]
[PlyCount "67"]
[EventDate "2018.12.30"]
[EventType "swiss"]
[EventCountry "IND"]
[SourceTitle "playchess.com"]
[Source "ChessBase"]
[SourceQuality "1"]
[TimeControl "40/5400+30:1800+30"]

1. e4 c5 2. Nf3 e6 3. c3 Nf6 4. e5 Nd5 5. d4 cxd4 6. cxd4 d6 7. Bc4 Nb6 8. Bd3 Nc6 9. O-O Qc7 {[%emt 0:06:44] B22: Sicilian: 2 c3} (9... Nb4 10. Bg5 Be7 11. Bxe7 Qxe7 12. Nc3 Nxd3 13. Qxd3 dxe5 14. dxe5 O-O 15. Qe4 Rb8 16. Nb5 Bd7 17. Nxa7 Ra8 {0-1 (47) Boruchovsky,A (2531)-Naiditsch,A (2667) Jerusalem 2016}) 10. Re1 dxe5 $146 ({Predecessor:} 10... a6 11. Nc3 Bd7 12. a3 Be7 13. exd6 Qxd6 14. Ne4 Qc7 15. Bd2 Nd5 16. Rc1 Qb6 17. Bc3 {1-0 (36) Pereira,G (2036)-Gomes,M (1759) Florianopolis 2017}) 11. dxe5 Be7 12. Nc3 a6 13. Qe2 Bd7 14. Bf4 h6 15. Rac1 g5 16. Bg3 h5 17. h3 (17. h4 $142) 17... O-O-O 18. Ne4 Rdg8 (18... g4 $142) 19. Nd6+ Bxd6 $2 (19... Kb8 20. Nxf7 {[%mdl 64] Trapped Piece} g4) 20. exd6 Qd8 $18 21. Bxa6 Kb8 22. Ne5 Nxe5 23. Bxe5 f6 24. Qf3 Nd5 25. Rc7 Bc6 26. Qb3 fxe5 27. Bxb7 Qxc7 28. dxc7+ Kxc7 29. Rc1 Ne7 30. Bxc6 Nxc6 31. Qxe6 Re8 32. Qxc6+ Kb8 33. Qb6+ Ka8 34. Rc7 1-0

[Event "IIFL Wealth  4th Mumbai Junior U-13"]
[Site "Mumbai"]
[Date "2019.01.02"]
[Round "4"]
[White "Barde Om"]
[Black "Khairmode Aditya"]
[Result "1-0"]
[ECO "C47"]
[WhiteElo "1801"]
[BlackElo "1337"]
[Annotator "NA RC"]
[PlyCount "101"]
[EventDate "2018.12.30"]
[EventType "swiss"]
[EventCountry "IND"]
[SourceTitle "playchess.com"]
[Source "ChessBase"]
[SourceQuality "1"]
[TimeControl "40/5400+30:1800+30"]

1. e4 e5 2. Nf3 Nf6 3. Nc3 Nc6 4. h3 d5 {[%emt 0:02:55] C47: Scotch Four Knights and Four Knights with 4 g3} (4... Bb4 5. Bd3 Bxc3 6. dxc3 d6 7. O-O h6 8. Re1 g5 9. Nh2 Ne7 10. Bb5+ Kf8 11. a4 a5 12. Bf1 {½-½ (59) Yu,Y (2760)-Vidit,S (2707) Liaocheng 2018}) 5. exd5 Nxd5 6. d3 Be6 $146 ({Predecessor:} 6... Be7 7. Be2 Bf5 8. O-O Nxc3 9. bxc3 e4 10. Ne1 exd3 11. cxd3 O-O {1-0 (42) Granat,R (2264)-De Coverly,R (2092) Sunningdale 2007}) 7. Be2 Bc5 8. Ng5 Nxc3 9. bxc3 Bd5 10. Bf3 f6 11. Ne4 Bb6 12. O-O Qd7 13. Ba3 (13. c4 $5 Be6 14. a4 $14) 13... O-O-O 14. c4 Be6 15. Nc5 Bxc5 $1 16. Bxc5 b6 17. Be3 Nd4 18. Bxd4 Qxd4 19. Qe2 f5 20. Rfd1 h6 (20... g5 $11) 21. Rac1 (21. a4 $1 $14) 21... g5 22. c3 Qd6 23. Re1 Rhe8 24. Qxe5 Qxd3 25. Rcd1 Qxc4 26. Rxd8+ Kxd8 27. Qf6+ Kc8 28. Bh5 Bf7 29. Rxe8+ Bxe8 30. Bxe8 Kb7 31. Bf7 Qe4 32. Qd4 Qe7 33. Bd5+ c6 34. Bf3 Kc7 35. Kf1 $18 Qa3 36. Qd2 Qa4 37. Kg1 g4 38. hxg4 fxg4 39. Bd1 Qe4 40. Bc2 Qe6 41. Bb3 Qf6 42. Qd4 Qg5 43. Qe3 Qf6 44. Qg3+ Kb7 45. Qd3 Qe7 46. Kf1 h5 47. Qf5 Qe8 48. Qf7+ Qxf7 49. Bxf7 h4 50. Be6 h3 51. gxh3 1-0

[Event "IIFL Wealth  4th Mumbai Junior U-13"]
[Site "Mumbai"]
[Date "2019.01.02"]
[Round "4"]
[White "Garv Rai"]
[Black "Kshatriya Nitin Vekhande"]
[Result "1/2-1/2"]
[ECO "A45"]
[WhiteElo "1772"]
[BlackElo "1544"]
[Annotator "NA RC"]
[PlyCount "184"]
[EventDate "2018.12.30"]
[EventType "swiss"]
[EventCountry "IND"]
[SourceTitle "playchess.com"]
[Source "ChessBase"]
[SourceQuality "1"]
[TimeControl "40/5400+30:1800+30"]

1. d4 Nf6 2. Bf4 d5 3. e3 e6 4. Nd2 c5 5. c3 Be7 6. Ngf3 O-O 7. Bd3 Nbd7 8. Ne5 a6 9. h4 Ne8 10. Qh5 f5 11. Qe2 Ndf6 12. Ndf3 Nd6 13. dxc5 Nf7 14. c6 bxc6 15. Nxc6 Qd7 16. Nfe5 Nxe5 17. Nxe5 Qb7 18. O-O Ne4 19. Bxe4 fxe4 20. Bg3 Bd6 21. Ng4 Bxg3 22. fxg3 Bd7 23. Rf4 Bb5 24. Qd2 Qe7 25. Rxf8+ Rxf8 26. a4 Bc4 27. Ne5 Qc7 28. Nxc4 Qxc4 29. Qc2 Qc7 30. Kh2 a5 31. Qe2 Rb8 32. Qc2 Qb6 33. c4 Qxb2 34. Qxb2 Rxb2 35. Rc1 dxc4 36. Rxc4 Rb4 37. Rxb4 axb4 38. a5 b3 39. a6 b2 40. a7 b1=Q 41. a8=Q+ Kf7 42. Qa7+ Kf6 43. Qd4+ Kf7 44. Qd7+ Kf6 45. Qd8+ Kf7 46. Qc7+ Kf6 47. Qf4+ Ke7 48. Qc7+ Kf6 49. Qc3+ Kf7 50. Qc7+ Kf6 51. Qd8+ Kf7 52. Qd7+ Kf6 53. g4 Qe1 54. g5+ Kf5 55. Qf7+ Kg4 56. Qxe6+ Kxh4 57. Qxe4+ Kxg5 58. Qxh7 Qxe3 59. Qxg7+ Kh5 60. Qf7+ Kh6 61. Qf6+ Kh5 62. Qf5+ Kh4 63. Qh7+ Kg5 64. Qg7+ Kh5 65. Qh8+ Kg5 66. Qd8+ Kg4 67. Qd7+ Kh4 68. Qh7+ Kg5 69. Qg8+ Kh5 70. Qd5+ Kg4 71. Qc4+ Kg5 72. Qd5+ Kg4 73. Qd7+ Kh4 74. Qd6 Kh5 75. Qd5+ Kg4 76. Qc4+ Kg5 77. Qc7 Kg4 78. Qd6 Kh5 79. Qd5+ Kg4 80. Qg8+ Kh5 81. Qh7+ Kg5 82. Qc7 Kg4 83. Qc4+ Kg5 84. Qd5+ Kg4 85. Qd6 Kh5 86. Qc7 Kg4 87. Qc4+ Kg5 88. Qd5+ Kg4 89. Qg8+ Kh5 90. Qh7+ Kg5 91. Qg7+ Kh5 92. Qf7+ Kg5 1/2-1/2

[Event "IIFL Wealth  4th Mumbai Junior U-13"]
[Site "Mumbai"]
[Date "2019.01.02"]
[Round "4"]
[White "Bagwe Gaurang"]
[Black "Nikhil Magizhnan"]
[Result "0-1"]
[ECO "B22"]
[WhiteElo "1768"]
[BlackElo "2148"]
[Annotator "ChessBase"]
[PlyCount "122"]
[EventDate "2018.12.30"]
[EventType "swiss"]
[EventCountry "IND"]
[SourceTitle "playchess.com"]
[Source "ChessBase"]
[SourceQuality "1"]
[TimeControl "40/5400+30:1800+30"]

1. e4 c5 2. c3 Nf6 3. e5 Nd5 4. d4 cxd4 5. Nf3 e6 6. cxd4 Nc6 7. Nc3 d6 8. Nxd5 exd5 9. Be2 dxe5 10. Nxe5 Bb4+ 11. Bd2 Qa5 12. Nxc6 bxc6 13. a3 Bxd2+ 14. Qxd2 Qxd2+ 15. Kxd2 O-O 16. Rac1 Bd7 17. Ba6 Rfb8 18. b4 Rb6 19. Bd3 a5 20. Ra1 Kf8 21. Kc3 Ke7 22. Rhb1 Kd6 23. bxa5 Rxb1 24. Rxb1 Rxa5 25. Kb4 Ra8 26. a4 Bc8 27. a5 Ba6 28. Bc2 Bc4 29. Bb3 Rb8+ 30. Kc3 Rb5 31. Bc2 Rxa5 32. Rb7 Ke6 33. Bxh7 g6 34. Bg8 Ra3+ 35. Kd2 Rd3+ 36. Kc2 Rxd4 37. Rxf7 Kd6 38. Rf6+ Kc5 39. Bf7 g5 40. g3 Re4 41. Re6 Rd4 42. Rf6 Bb5 43. f4 gxf4 44. Rxf4 Bd3+ 45. Kc1 Be4 46. h4 Rd3 47. g4 Kd4 48. Rf2 Rh3 49. h5 Kc3 50. Rf1 Rh2 51. Bg6 Ra2 52. Kd1 Bxg6 53. hxg6 d4 54. Rf5 Ra1+ 55. Ke2 d3+ 56. Kf2 d2 57. g7 d1=Q 58. g8=Q Qg1+ 59. Ke2 Re1+ 60. Kf3 Qe3+ 61. Kg2 Rg1+ 0-1

[Event "IIFL Wealth  4th Mumbai Junior U-13"]
[Site "Mumbai"]
[Date "2019.01.02"]
[Round "4"]
[White "Devesh Anand Naik"]
[Black "Aditya Ramanathan"]
[Result "1-0"]
[ECO "C77"]
[WhiteElo "1763"]
[BlackElo "1493"]
[Annotator "NA"]
[PlyCount "117"]
[EventDate "2018.12.30"]
[EventType "swiss"]
[EventCountry "IND"]
[SourceTitle "playchess.com"]
[Source "ChessBase"]
[SourceQuality "1"]
[TimeControl "40/5400+30:1800+30"]

1. e4 e5 2. Nf3 Nc6 3. Bb5 a6 4. Ba4 Nf6 5. d3 d6 6. O-O b5 7. Bb3 Na5 8. Nbd2 Nxb3 9. axb3 c5 10. Re1 Be7 11. Nf1 O-O 12. c3 Bg4 13. h3 Bh5 14. Ng3 Bg6 15. Nh4 Qd7 16. Nxg6 hxg6 17. f4 Qe6 18. Be3 d5 19. fxe5 Qxe5 20. Bf2 dxe4 21. Nxe4 Nxe4 22. Rxe4 Qc7 23. Qe2 Bd6 24. d4 cxd4 25. Bxd4 Bc5 26. Re1 Rad8 27. Bxc5 Qxc5+ 28. Qf2 Qg5 29. Qe3 Qxe3+ 30. R1xe3 Rd2 31. Re2 Rfd8 32. Kf2 Kf8 33. Re8+ Rxe8 34. Rxd2 Ke7 35. Re2+ Kd7 36. Rxe8 Kxe8 37. Ke3 Ke7 38. c4 Kd6 39. Kd4 f6 40. c5+ Ke6 41. b4 g5 42. Ke4 Ke7 43. Kd5 Kd7 44. c6+ Kc7 45. Kc5 g6 46. Kd5 f5 47. Kc5 g4 48. hxg4 fxg4 49. g3 Kc8 50. Kb6 a5 51. bxa5 b4 52. a6 Kd8 53. a7 b3 54. a8=Q+ Ke7 55. c7 Kd6 56. c8=Q Ke5 57. Qac6 g5 58. Q8e6+ Kd4 59. Qcc4# 1-0

[Event "IIFL Wealth  4th Mumbai Junior U-13"]
[Site "Mumbai"]
[Date "2019.01.02"]
[Round "4"]
[White "Ananmay Sharma"]
[Black "Vaval Aaditi"]
[Result "1-0"]
[ECO "D00"]
[WhiteElo "1749"]
[BlackElo "1367"]
[Annotator "NA"]
[PlyCount "111"]
[EventDate "2018.12.30"]
[EventType "swiss"]
[EventCountry "IND"]
[SourceTitle "playchess.com"]
[Source "ChessBase"]
[SourceQuality "1"]
[TimeControl "40/5400+30:1800+30"]

1. d4 d5 2. Bf4 Nf6 3. e3 c5 4. c3 e6 5. Nd2 Nc6 6. Ngf3 Be7 7. h3 c4 8. Be2 b5 9. O-O O-O 10. b3 a6 11. Ne5 Nxe5 12. dxe5 Nd7 13. bxc4 bxc4 14. e4 Nc5 15. exd5 exd5 16. Be3 Bf5 17. f4 Ne4 18. Nxe4 Bxe4 19. Bd4 Qa5 20. Qe1 Qa4 21. Qg3 f6 22. Bf3 Bxf3 23. Qxf3 Qc6 24. Qe3 fxe5 25. fxe5 Qe6 26. Rfd1 Rab8 27. Rab1 Qf5 28. Rxb8 Rxb8 29. Qg3 Rb1 30. Rxb1 Qxb1+ 31. Kh2 Qg6 32. Qf3 Qf7 33. Qg4 Qg6 34. Qd7 Qf7 35. Qc8+ Qf8 36. Qxa6 Qf4+ 37. Kh1 Qc1+ 38. Bg1 Qxc3 39. Qa8+ Kf7 40. Qxd5+ Ke8 41. e6 Qd3 42. Qc6+ Kf8 43. Qc8+ Qd8 44. Qxc4 Bd6 45. Qd5 Qc7 46. Qa8+ Ke7 47. Qg8 Kf6 48. Bd4+ Be5 49. Qe8 {Bd6 Be3} Kg5 {Bd4 Kf6} 50. Qg8 Kg6 51. Qe8+ Kh6 52. Be3+ g5 53. Qf7 Qc3 54. e7 Qxe3 55. Qf6+ Kh5 56. Qd6 1-0

[Event "IIFL Wealth  4th Mumbai Junior U-13"]
[Site "Mumbai"]
[Date "2019.01.02"]
[Round "4"]
[White "Arhan Chethan Anand"]
[Black "Shravan Swaminathan"]
[Result "1/2-1/2"]
[ECO "D43"]
[WhiteElo "1710"]
[BlackElo "1488"]
[Annotator "NA RC"]
[PlyCount "96"]
[EventDate "2018.12.30"]
[EventType "swiss"]
[EventCountry "IND"]
[SourceTitle "playchess.com"]
[Source "ChessBase"]
[SourceQuality "1"]
[TimeControl "40/5400+30:1800+30"]

1. d4 c6 2. c4 d5 3. Nf3 Nf6 4. Nc3 e6 5. Bg5 Be7 6. e3 O-O 7. Bd3 dxc4 8. Bxc4 b5 9. Bd3 Bb7 10. O-O Nbd7 11. Rc1 a6 12. a4 Rc8 13. Qe2 b4 14. Ne4 Nxe4 15. Bxe7 Qxe7 16. Bxe4 e5 17. dxe5 Nxe5 18. Nd4 a5 19. Nf5 Qf6 20. Ng3 Qe7 21. Rfd1 Rfd8 22. Qc2 g6 23. h3 f5 24. Bd3 Nxd3 25. Rxd3 c5 26. Qc4+ Kf8 27. Rcd1 Rxd3 28. Rxd3 Bc6 29. b3 Be4 30. Nxe4 Qxe4 31. Qa6 Ra8 32. Qd6+ Qe7 33. Qc6 Ra7 34. Qc8+ Kg7 35. Qc6 Qc7 36. Qd5 Qe7 37. f3 Rc7 38. e4 fxe4 39. fxe4 c4 40. bxc4 Qc5+ 41. Kh2 Qxc4 42. Qe5+ Kh6 43. Qf4+ Kg7 44. Qe5+ Kh6 45. Qf4+ Kg7 46. Qe5+ Kh6 47. Qf4+ Kg7 48. Qe5+ Kh6 1/2-1/2

[Event "IIFL Wealth  4th Mumbai Junior U-13"]
[Site "Mumbai"]
[Date "2019.01.02"]
[Round "4"]
[White "Pawar, Harshit"]
[Black "Daakshin Arun"]
[Result "1-0"]
[ECO "B20"]
[WhiteElo "1671"]
[BlackElo "1400"]
[Annotator "NA RC"]
[PlyCount "149"]
[EventDate "2018.12.30"]
[EventType "swiss"]
[EventCountry "IND"]
[SourceTitle "playchess.com"]
[Source "ChessBase"]
[SourceQuality "1"]
[TimeControl "40/5400+30:1800+30"]

1. e4 c5 2. a3 d6 3. b4 cxb4 4. axb4 Nf6 5. d3 Qb6 6. c3 g6 7. Be3 Qc7 8. h3 b6 9. Nf3 Bg7 10. Be2 O-O 11. O-O Bb7 12. Qd2 Rd8 13. Na3 a6 14. Rab1 Nbd7 15. Rfc1 Rac8 16. c4 Ba8 17. Rc2 Qa7 18. Bd4 e5 19. Be3 Kh8 20. Bh6 Kg8 21. Bg5 Kh8 22. g3 Kg8 23. Kg2 h5 24. Be3 Kh8 25. Ng5 Kg8 26. h4 Kf8 27. f3 Kg8 28. Kh2 Kf8 29. Rf1 Ke7 30. Rd1 Kf8 31. Bf1 Ke7 32. Bh3 Bh6 33. Qf2 Rc7 34. Kg1 Rdc8 35. Rcd2 Rd8 36. d4 Bg7 37. dxe5 Nxe5 38. Bxb6 Qb7 39. Bxc7 Qxc7 40. c5 d5 41. Bg2 Bc6 42. Nb1 Nc4 43. exd5 Bxd5 44. Rd3 Kf8 45. Nc3 Qe5 46. f4 Qf5 47. Nxd5 Ng4 48. Qe2 Re8 49. Nh7+ Kg8 50. Qxe8+ Kxh7 51. Be4 Qe6 52. Qxe6 fxe6 53. Ne7 Nb2 54. Nxg6 Nxd3 55. Bxd3 Bd4+ 56. Kf1 Ne3+ 57. Ke2 Nxd1 58. Kxd1 Kg7 59. c6 Bb6 60. Ne5 Bc7 61. Bxa6 Kf6 62. b5 Ke7 63. Nc4 Kd8 64. Bb7 Bb8 65. b6 Bc7 66. bxc7+ Kxc7 67. Ke1 Kb8 68. Kf1 e5 69. f5 e4 70. f6 e3 71. f7 e2+ 72. Ke1 Ka7 73. g4 hxg4 74. f8=Q g3 75. Qa8# 1-0

[Event "IIFL Wealth  4th Mumbai Junior U-13"]
[Site "Mumbai"]
[Date "2019.01.02"]
[Round "4"]
[White "Mahajan Ayush"]
[Black "Aggarwal Vansh"]
[Result "1/2-1/2"]
[ECO "C45"]
[WhiteElo "1629"]
[BlackElo "1328"]
[Annotator "NA"]
[PlyCount "66"]
[EventDate "2018.12.30"]
[EventType "swiss"]
[EventCountry "IND"]
[SourceTitle "playchess.com"]
[Source "ChessBase"]
[SourceQuality "1"]
[TimeControl "40/5400+30:1800+30"]

1. e4 e5 2. Nf3 Nc6 3. d4 exd4 4. Nxd4 Bc5 5. Nb3 Bb6 6. Qe2 d6 7. Nc3 Nge7 8. Be3 Be6 9. O-O-O Qd7 10. h3 O-O-O 11. Bxb6 axb6 12. f4 f6 13. Qf2 Qe8 14. Bb5 Qf7 15. Rhe1 Rhe8 16. Qf1 Qf8 17. Kb1 Kb8 18. Bc4 Qf7 19. Bb5 Qf8 20. Nd5 Bd7 21. Nxe7 Rxe7 22. Nd4 Rde8 23. Nxc6+ Bxc6 24. Bxc6 bxc6 25. Qc4 Kb7 26. Rd4 Qf7 27. Qd3 d5 28. Ka1 Kb8 29. Kb1 Kb7 30. Ka1 Kb8 31. Kb1 Kb7 32. Ka1 Kb8 33. Kb1 Kb7 1/2-1/2